 Dungeon Crawl Stone Soup version 0.17.0-28-g6e173f8 (console) character file.

92806 Kloppie the Severer (level 15, -6/141 HPs)
             Began as a Minotaur Fighter on Nov 23, 2015.
             Was the Champion of Makhleb.
             Killed from afar by Roxanne (32 damage)
             ... with an iron shot
             ... on level 1 of the Swamp.
             The game lasted 00:49:42 (26937 turns).

Kloppie the Severer (Minotaur Fighter)             Turns: 26937, Time: 00:49:42

Health: -6/141     AC: 26    Str: 21    XL:     15   Next: 58%
Magic:  24/24      EV: 16    Int:  5    God:    Makhleb [******]
Gold:   2732       SH: 12    Dex: 16    Spells: 0 memorised, 14 levels left

rFire  . . .     SeeInvis +     b - +1 war axe (elec)
rCold  + + .     Clarity  .     Q - +1 plate armour {rC+}
rNeg   . . .     SustAt   .     k - +0 shield {AC+3}
rPois  .         Gourm    .     (helmet restricted)
rElec  .         Spirit   .     (no cloak)
rCorr  .         Warding  .     T - +2 pair of gloves {archery}
rMut   .         Stasis   .     (no boots)
MR     +....                    D - amulet of rage
Stlth  ..........               o - +6 ring of evasion
                                L - ring of protection from cold

@: somewhat resistant to hostile enchantments, extremely unstealthy
A: retaliatory headbutt, horns 2, large bone plates 1, see invisible
a: Minor Destruction, Lesser Servant of Makhleb, Major Destruction, Greater
Servant of Makhleb, Renounce Religion, Evoke Berserk Rage


You were on level 1 of the Swamp.
You worshipped Makhleb.
Makhleb was exalted by your worship.
You were not hungry.

You visited 5 branches of the dungeon, and saw 27 of its levels.
You also visited: Bailey.

You collected 2817 gold pieces.
You spent 85 gold pieces at shops.

Inventory:

Hand Weapons
 a - a +1 war axe of flaming
 b - a +1 war axe of electrocution (weapon)
 C - a +0 war axe
Armour
 k - a +0 shield of protection (worn)
 Q - a +1 plate armour of cold resistance (worn)
 T - a +2 pair of gloves of archery (worn)
Jewellery
 o - a +6 ring of evasion (right hand)
 q - an uncursed ring of ice
 D - an amulet of rage (around neck)
 E - an uncursed ring of protection from magic
 J - an uncursed ring of stealth
 L - a ring of protection from cold (left hand)
Wands
 l - a wand of disintegration (9)
 y - a wand of invisibility (5)
 P - a wand of paralysis (7)
 S - a wand of teleportation (5)
 U - a wand of flame (18)
Scrolls
 c - a scroll of summoning
 d - 2 scrolls of brand weapon
 f - 2 scrolls of enchant armour
 g - 6 scrolls of remove curse
 m - 3 scrolls of identify
 p - 3 scrolls of recharging
 u - 5 scrolls of blinking
 w - 2 scrolls of immolation
 F - a scroll of fog
 G - 2 scrolls of enchant weapon
 H - 4 scrolls of teleportation
 I - 3 scrolls of magic mapping
 V - a scroll of amnesia
Potions
 h - 2 potions of might
 i - 10 potions of curing
 j - 5 potions of brilliance
 s - a potion of haste
 t - a potion of invisibility
 v - 6 potions of magic
 x - 3 potions of cancellation
 z - 2 potions of resistance
 A - a potion of ambrosia
 B - 2 potions of berserk rage
 K - 4 potions of lignification
 N - 5 potions of heal wounds
 O - a potion of flight
 R - 2 potions of agility
Books
 r - a book of Callings

   Spells                             Type                      Level
   a - Summon Small Mammal            Summoning                    1
   b - Call Imp                       Summoning                    2
   c - Call Canine Familiar           Summoning                    3
   d - Summon Guardian Golem          Hexes/Summoning              3
   e - Summon Lightning Spire         Summoning/Air                4
   f - Summon Ice Beast               Ice/Summoning                4
 M - a book of Unlife

   Spells                             Type                      Level
   a - Recall                         Summoning/Translocation      3
   b - Animate Dead                   Necromancy                   4
   c - Control Undead                 Necromancy                   4
   d - Cigotuvi's Embrace             Necromancy                   5
   e - Death Channel                  Necromancy                   6
   f - Simulacrum                     Ice/Necromancy               6
 W - a book of the Tempests

   Spells                             Type                      Level
   a - Static Discharge               Conjuration/Air              3
   b - Lightning Bolt                 Conjuration/Air              5
   c - Fireball                       Conjuration/Fire             5
   d - Tornado                        Air                          9
   e - Shatter                        Earth                        9
Comestibles
 e - 8 bread rations
 n - 9 meat rations
 X - 5 chunks of flesh


   Skills:
 - Level 15.1 Fighting
 - Level 16.3 Axes
 - Level 15.0 Armour
 - Level 10.0 Dodging
 - Level 3.6 Shields
 + Level 13.7 Invocations


You had 14 spell levels left.
You didn't know any spells.

Dungeon Overview and Level Annotations

Branches:
Dungeon (13/15)            Temple (1/1) D:4            Lair (8/8) D:10
  Swamp (1/4) Lair:3        Snake (0/4) Lair:3          Orc (4/4) D:12
    Elf (0/3) Orc:4
  Slime: Lair:6-8    Vaults: D:13-14

Altars:
Ashenzari
Cheibriados
Dithmenos
Elyvilon
Fedhas
Gozag
Kikubaaqudgha
Makhleb
Nemelex Xobeh
Okawaru
Qazlal
Ru
Sif Muna
Trog
Vehumet
Xom
Yredelemnul
Zin
The Shining One
Beogh

Shops:
D:5 ?   Orc:1 !   Orc:4 *:[}

Annotations:
D:7 1 exclusion
Lair:6 exclusion: 4 oklob plants
Swamp:1 exclusion: Roxanne, Roxanne


Innate Abilities, Weirdness & Mutations

You reflexively headbutt those who attack you in melee.
You have a pair of horns on your head.
You are partially covered in large bone plates (AC +2, SH +2).
You have supernaturally acute eyesight.


Message History

* * * LOW HITPOINT WARNING * * *
You hit Roxanne but do no damage. You hit Roxanne but do no damage.
You hit Roxanne but do no damage. You headbutt Roxanne, but do no damage.
Roxanne mumbles some strange words.
The crystal spear hits you!
* * * LOW HITPOINT WARNING * * *
You slash Roxanne!
Roxanne is lightly damaged.
You slash Roxanne!
Roxanne is lightly damaged.
Roxanne casts a spell.
The orb of energy hits you!
* * * LOW HITPOINT WARNING * * *
The orb of energy explodes!
Drink which item? (? for menu, Esc to quit)
You feel much better.
Roxanne casts a spell.
The iron shot hits you!
You die...

♣♣♣
.≈....
♣♣.≈
..≈.. .≈.
≈≈≈≈
♣♣≈.♣..≈
♣.{..≈≈
♣....♣
♣.8.♣
♣.@.♣♣
♣≈.≈≈♣
♣♣.≈♣♣
♣..♣ ♣..♣
♣..♣♣
♣♣≈≈.♣
♣.≈..♣♣
♣..♣...♣♣


You could see Roxanne.

Vanquished Creatures
  An orc warlord (Orc:4)
  A stone giant (Orc:4)
  Azrael (D:12)
  A fire dragon (Lair:8)
  Harold (Orc:1)
  An ice dragon (Lair:8)
  11 hydras
  A naga warrior (Lair:3)
  A catoblepas (Lair:8)
  4 alligators (Swamp:1)
  7 death yaks
  Urug (Orc:1)
  5 orc high priests
  Sonja (D:11)
  Nergalle (Lair:3)
  2 lindwurms (Lair:8)
  Pikel (D:7)
  4 orc knights
  2 unseen horrors
  3 cyclopes
  A manticore (D:11)
  7 ugly things
  5 orc sorcerers
  22 elephants
  15 spiny frogs
  Psyche (D:11)
  6 torpor snails (Lair:8)
  6 black mambas
  A gargoyle (D:12)
  A tengu conjurer (D:10)
  2 kobold demonologists (D:12)
  15 komodo dragons
  A fire drake (Lair:8)
  The ghost of Arkorax the Ruffian, a novice VSMo (D:5)
  3 trolls
  A polar bear (Lair:4)
  Grinder (D:6)
  10 blink frogs
  A bog body (Swamp:1)
  2 two-headed ogres (Orc:4)
  7 giant leeches
  3 slime creatures (D:12)
  A shadow (Swamp:1)
  A spriggan (Lair:4)
  3 wraiths
  Sigmund (D:5)
  28 yaks
  A deep elf mage (D:10)
  A hungry ghost (D:11)
  A steam dragon (Lair:8)
  2 basilisks
  A warg (Orc:4)
  11 hippogriffs
  4 fire elementals (D:12)
  4 swamp worms (Swamp:1)
  6 vampire mosquitoes
  4 nagas (Lair:3)
  4 insubstantial wisps (Swamp:1)
  6 wolves
  4 mottled dragons (Lair:8)
  2 swamp drakes
  13 porcupines
  2 black bears
  10 water moccasins
  A phantom (D:4)
  4 sky beasts
  4 hell hounds (D:12)
  A necrophage (D:9)
  46 orc warriors
  13 ogres
  5 wasps
  29 crocodiles
  An eye of draining (D:8)
  7 centaurs
  3 brain worms (Lair:8)
  2 big kobolds
  15 giant frogs
  4 jellies
  15 killer bees
  A wasp zombie (D:10)
  A crimson imp (D:10)
  2 centaur zombies
  4 centaur skeletons
  A gnoll shaman (D:4)
  3 giant frog skeletons
  40 orc priests
  2 giant frog zombies
  4 hounds
  Jessica (D:2)
  Natasha (D:2)
  12 iguanas
  31 orc wizards
  9 sheep
  7 worker ants
  A hound skeleton (D:7)
  2 worker ant zombies
  Robin (D:2)
  11 adders
  19 gnolls
  67 river rats
  A shadow imp (D:7)
  2 adder skeletons (D:4)
  18 worms
  4 giant geckos
  201 orcs
  8 bats
  5 giant cockroaches
  23 goblins
  24 hobgoblins
  22 jackals
  23 kobolds
  4 quokkas
  6 giant newts
  2 quokka skeletons
  2 rats
  2 fungi
  5 plants
994 creatures vanquished.

Vanquished Creatures (others)
  A slave (D:8)
  A worker ant (D:8)
  An orc (D:8)
  A giant cockroach (D:8)
  6 fungi
  11 plants
21 creatures vanquished.

Grand Total: 1015 creatures vanquished

Notes
Turn   | Place    | Note
--------------------------------------------------------------
     0 | D:1      | Kloppie the Minotaur Fighter began the quest for the Orb.
     0 | D:1      | Reached XP level 1. HP: 19/19 MP: 0/0
    25 | D:1      | Reached skill level 4 in Armour
    26 | D:1      | Reached XP level 2. HP: 17/27 MP: 1/1
   460 | D:1      | Reached XP level 3. HP: 33/33 MP: 2/2
   953 | D:2      | Noticed Jessica
   960 | D:2      | Killed Jessica
  1015 | D:2      | Reached XP level 4. HP: 41/41 MP: 3/3
  1126 | D:2      | Reached skill level 5 in Armour
  1134 | D:2      | Noticed Robin
  1147 | D:2      | Killed Robin
  1202 | D:2      | Noticed Natasha
  1208 | D:2      | Killed Natasha
  1208 | D:2      | Reached XP level 5. HP: 34/47 MP: 4/4
  1268 | D:2      | Reached skill level 5 in Fighting
  1328 | D:2      | Found a basalt altar of Yredelemnul.
  1328 | D:2      | Found an ancient bone altar of Kikubaaqudgha.
  1329 | D:2      | Found a glowing golden altar of the Shining One.
  2016 | D:3      | Found a bloodstained altar of Trog.
  2016 | D:3      | Found a shattered altar of Ashenzari.
  2016 | D:3      | Found a radiant altar of Vehumet.
  2016 | D:3      | Found a burning altar of Makhleb.
  2030 | D:3      | Found a glowing silver altar of Zin.
  2030 | D:3      | Found a snail-covered altar of Cheibriados.
  2037 | D:3      | Became a worshipper of Makhleb the Destroyer
  2500 | D:3      | Found a blossoming altar of Fedhas.
  2706 | D:4      | Reached XP level 6. HP: 53/56 MP: 5/5
  2712 | D:4      | Noticed a phantom
  2714 | D:4      | Found a deep blue altar of Sif Muna.
  2739 | D:4      | Killed a phantom
  2739 | D:4      | Reached skill level 6 in Armour
  2847 | D:4      | Found a staircase to the Ecumenical Temple.
  2857 | Temple   | Entered the Ecumenical Temple
  3282 | D:4      | Noticed an ogre
  3289 | D:4      | Killed an ogre
  3289 | D:4      | Reached skill level 5 in Axes
  3544 | D:4      | Reached XP level 7. HP: 54/63 MP: 6/6
  3803 | D:5      | Entered Level 5 of the Dungeon
  3803 | D:5      | Noticed Arkorax's ghost (novice VSMo)
  3823 | D:5      | Killed Arkorax's ghost
  3823 | D:5      | Reached skill level 7 in Armour
  3886 | D:5      | Reached * piety under Makhleb
  4059 | D:5      | Found Bulizukast's Magic Scroll Emporium.
  4085 | D:5      | Noticed Sigmund
  4098 | D:5      | Killed Sigmund
  4098 | D:5      | Reached XP level 8. HP: 46/73 MP: 7/7
  4613 | D:6      | Found an iron altar of Okawaru.
  4630 | D:6      | Reached skill level 8 in Armour
  4714 | D:6      | Noticed Grinder
  4719 | D:6      | Killed Grinder
  4776 | D:6      | Noticed a troll
  5215 | D:7      | Reached skill level 9 in Armour
  5525 | D:7      | Reached XP level 9. HP: 43/83 MP: 8/8
  6078 | D:7      | Reached ** piety under Makhleb
  6871 | D:8      | Got a dull robe
  6971 | D:8      | Noticed Pikel
  7000 | D:7      | Killed Pikel
  7000 | D:7      | Reached skill level 10 in Armour
  7023 | D:8      | Reached skill level 10 in Fighting
  7371 | D:8      | You fall through a shaft for 3 floors!
  7521 | D:10     | Entered Level 10 of the Dungeon
  7532 | D:10     | Reached skill level 10 in Axes
  7562 | D:10     | Killed an unseen horror
  7562 | D:10     | Reached XP level 10. HP: 78/94 MP: 9/9
  7619 | D:10     | Reached *** piety under Makhleb
  7748 | D:10     | Noticed a cyclops
  8078 | D:9      | Reached skill level 11 in Armour
  9091 | D:10     | Killed a cyclops
  9261 | D:10     | Found a staircase to the Lair.
  9282 | D:10     | Reached **** piety under Makhleb
  9508 | D:10     | Noticed a tengu conjurer
  9516 | D:10     | Killed a tengu conjurer
  9751 | D:10     | Reached skill level 12 in Fighting
  9867 | Lair:1   | Entered Level 1 of the Lair of Beasts
  9867 | Lair:1   | Noticed a seven-headed hydra
  9875 | Lair:1   | Killed a two-headed hydra
  9875 | Lair:1   | Reached XP level 11. HP: 80/104 MP: 10/10
 10680 | Lair:2   | Found an ancient bone altar of Kikubaaqudgha.
 10723 | Lair:2   | Reached ***** piety under Makhleb
 10951 | Lair:2   | Reached skill level 13 in Fighting
 11553 | Lair:3   | Noticed Nergalle
 11574 | Lair:3   | Killed Nergalle
 11694 | Lair:3   | Noticed a naga warrior
 11694 | Lair:3   | Found a staircase to the Snake Pit.
 11712 | Lair:3   | Killed a naga warrior
 12117 | Lair:3   | Found a staircase to the Swamp.
 12971 | Lair:4   | Reached XP level 12. HP: 116/116 MP: 11/11
 13024 | Lair:4   | Noticed an eight-headed hydra
 13032 | Lair:4   | Killed a two-headed hydra
 13166 | Lair:4   | Reached skill level 14 in Fighting
 13633 | Lair:4   | Found a burning altar of Makhleb.
 14020 | Lair:5   | Noticed a four-headed hydra
 14031 | Lair:5   | Killed a one-headed hydra
 14699 | Lair:6   | Reached skill level 15 in Fighting
 14725 | Lair:6   | Noticed an eight-headed hydra
 14736 | Lair:6   | Killed a two-headed hydra
 14820 | Lair:6   | Noticed a four-headed hydra
 14831 | Lair:6   | Killed a one-headed hydra
 14831 | Lair:6   | Reached skill level 15 in Armour
 14964 | Lair:6   | Reached XP level 13. HP: 113/126 MP: 12/12
 15076 | Lair:6   | Reached skill level 1 in Dodging
 15747 | Lair:7   | Reached ****** piety under Makhleb
 16244 | Lair:7   | Reached skill level 15 in Axes
 17411 | Lair:7   | Reached skill level 5 in Dodging
 17805 | D:11     | Got a scorched bone ring
 17816 | D:11     | Identified the ring "Giataw" {*Confuse rPois Dex+6} (You found it on level 11 of the Dungeon)
 17839 | D:11     | Noticed a cyclops
 17841 | D:11     | Noticed Sonja
 17846 | D:11     | Killed a cyclops
 17909 | D:11     | Noticed a white ugly thing
 17914 | D:11     | Killed a white ugly thing
 18009 | D:11     | Killed Sonja
 18456 | D:11     | Noticed a manticore
 18460 | D:11     | Killed a manticore
 18683 | D:11     | Noticed Psyche
 18686 | D:11     | Killed Psyche
 19020 | D:12     | Reached skill level 16 in Axes
 19037 | D:12     | Found a staircase to the Orcish Mines.
 19225 | D:12     | You fall through a shaft!
 19413 | D:12     | Noticed Azrael
 19444 | D:12     | Killed Azrael
 20157 | Orc:1    | Entered Level 1 of the Orcish Mines
 20200 | Orc:1    | Found Geas's Distillery.
 20313 | Orc:1    | Noticed Harold
 20326 | Orc:1    | Killed Harold
 20395 | Orc:1    | Reached XP level 14. HP: 135/135 MP: 13/13
 20447 | Orc:1    | Found a flagged portal.
 20455 | Bailey   | Entered a bailey
 21135 | Orc:1    | Noticed Urug
 21145 | Orc:1    | Killed Urug
 21228 | Orc:3    | Found a roughly hewn altar of Beogh.
 21245 | Orc:3    | Reached skill level 10 in Dodging
 21339 | Orc:3    | Reached skill level 1 in Invocations
 21946 | Orc:4    | Entered Level 4 of the Orcish Mines
 22394 | Orc:4    | Found a roughly hewn altar of Beogh.
 22397 | Orc:4    | Found Pumiep's Gadget Boutique.
 22603 | Orc:4    | Found Ehoeprui's Armour Shop.
 22621 | Orc:4    | Reached skill level 5 in Invocations
 23135 | Orc:4    | Paralysed by an orc sorcerer for 7 turns
 23588 | Orc:4    | Found a staircase to the Elven Halls.
 23678 | Orc:4    | Found Poseang's Book Shoppe.
 23893 | Orc:4    | Noticed an orc warlord
 23916 | Orc:4    | Killed an orc warlord
 23930 | Orc:4    | Found Tonwymut's Assorted Antiques.
 23968 | Orc:4    | Bought a shiny shield for 85 gold pieces
 24101 | Orc:4    | Found a roughly hewn altar of Beogh.
 24489 | Lair:1   | Gained mutation: You have supernaturally acute eyesight. [potion of beneficial mutation]
 24490 | Lair:1   | Gained mutation: You are partially covered in large bone plates (AC +2, SH +2). [potion of beneficial mutation]
 24642 | Lair:8   | Entered Level 8 of the Lair of Beasts
 24841 | Lair:8   | Reached skill level 10 in Invocations
 25083 | Lair:8   | Found a runed door.
 25124 | Lair:8   | Reached XP level 15. HP: 137/141 MP: 22/22
 26297 | Swamp:1  | Entered Level 1 of the Swamp
 26923 | Swamp:1  | Noticed Roxanne
 26936 | Swamp:1  | HP: 3/141 [Roxanne/orb of energy (21)]
 26937 | Swamp:1  | Killed from afar by Roxanne

Action                   |  1- 3 |  4- 6 |  7- 9 | 10-12 | 13-15 || total
-------------------------+-------+-------+-------+-------+-------++-------
Melee: War axe           |    77 |   150 |   279 |   716 |  1544 ||  2766
Evoke: Wand              |       |       |       |       |     3 ||     3
  Use: Scroll            |       |       |    16 |     8 |    13 ||    37
       Potion            |       |       |     1 |     3 |     9 ||    13
  Eat: Chunk             |       |     5 |    14 |    19 |    23 ||    61
       Fruit             |       |     2 |       |       |     3 ||     5
       Pizza             |       |     1 |       |       |     1 ||     2
       Beef jerky        |       |       |     1 |     3 |       ||     4
       Bread ration      |       |       |       |       |     3 ||     3
